[Event "11th dMP Batavia 2019"]
[Site "Amsterdam"]
[Date "2019.03.01"]
[Round "1"]
[White "Leenhouts, Koen"]
[Black "Williams, Simon K"]
[Result "1/2-1/2"]
[ECO "D07"]
[WhiteElo "2447"]
[BlackElo "2471"]
[Annotator "ChessBase"]
[PlyCount "53"]
[EventDate "2019.03.01"]
[EventType "tourn"]
[EventCountry "NED"]
[SourceTitle "playchess.com"]
[Source "ChessBase"]
[SourceQuality "1"]
[TimeControl "40/5400+30:1800+30"]

1. d4 d5 2. c4 Nc6 3. Nc3 Nf6 4. cxd5 Nxd5 5. Nf3 e5 6. dxe5 Bb4 7. Bd2 Nxc3 8. bxc3 Ba5 9. g3 O-O 10. Qc2 Qe7 11. Ng5 g6 12. f4 f6 13. exf6 Rxf6 14. Bg2 Bb6 15. Qe4 Qa3 16. Qc4+ Kg7 17. Bxc6 bxc6 18. Qb4 Qxb4 19. cxb4 Kg8 20. Bc3 Rf8 21. h4 Bg4 22. O-O-O Rfe8 23. Be5 Red8 24. Bf6 Re8 25. Be5 Red8 26. Bf6 Re8 27. Be5 1/2-1/2

[Event "11th dMP Batavia 2019"]
[Site "Amsterdam"]
[Date "2019.03.01"]
[Round "1"]
[White "Lopez, Jasel"]
[Black "Van der Wiel, John T.H."]
[Result "1/2-1/2"]
[ECO "D58"]
[WhiteElo "2390"]
[BlackElo "2391"]
[Annotator "NA"]
[PlyCount "93"]
[EventDate "2019.03.01"]
[EventType "tourn"]
[EventCountry "NED"]
[SourceTitle "playchess.com"]
[Source "ChessBase"]
[SourceQuality "1"]
[TimeControl "40/5400+30:1800+30"]

1. d4 Nf6 2. c4 e6 3. Nf3 d5 4. Nc3 Be7 5. Bg5 O-O 6. e3 h6 7. Bh4 b6 8. Be2 Bb7 9. Bxf6 Bxf6 10. cxd5 exd5 11. b4 c6 12. O-O a5 13. b5 c5 14. Ne5 Bxe5 15. dxe5 d4 16. Na4 Qg5 17. Bg4 Qxe5 18. Nxb6 Ra7 19. exd4 cxd4 20. Rc1 Qxb5 21. Qxd4 Qg5 22. Nd7 Nxd7 23. Qxa7 Bxg2 24. Qxd7 f5 25. Rc8 Qxg4 26. Rxf8+ Kxf8 27. Qd6+ Kf7 28. Re1 Bd5+ 29. Qg3 Qxg3+ 30. fxg3 Bxa2 31. Re5 Bb1 32. Rxa5 Kf6 33. Kf2 Kg5 34. Rb5 Bc2 35. h3 Kf6 36. Ke3 Ke6 37. Rb6+ Kf7 38. Kf4 Bd3 39. h4 Bc2 40. Rb2 Bd3 41. Ke3 Bf1 42. Rb1 Bh3 43. Kf4 Bg4 44. Rb6 Bh3 45. Ke5 Bg4 46. Rb7+ Kf8 47. Rb8+ 1/2-1/2

[Event "11th dMP Batavia 2019"]
[Site "Amsterdam"]
[Date "2019.03.02"]
[Round "2"]
[White "Kuipers, Stefan"]
[Black "Leenhouts, Koen"]
[Result "1-0"]
[ECO "C54"]
[WhiteElo "2455"]
[BlackElo "2447"]
[Annotator "RC"]
[PlyCount "109"]
[EventDate "2019.03.01"]
[EventType "tourn"]
[EventCountry "NED"]
[SourceTitle "playchess.com"]
[Source "ChessBase"]
[SourceQuality "1"]
[TimeControl "40/5400+30:1800+30"]

1. e4 e5 2. Nf3 Nc6 3. Bc4 Bc5 4. c3 Nf6 5. d3 O-O 6. Bg5 h6 7. Bh4 Be7 8. Nbd2 d6 9. Bb3 Nh5 10. g3 g6 11. Qe2 Kg7 12. Bxe7 Qxe7 13. d4 Bh3 14. dxe5 Nxe5 15. O-O-O a5 16. Nxe5 dxe5 17. Qe3 b5 18. f4 Nf6 19. f5 a4 20. Bc2 Ng4 21. Qe2 b4 22. Nc4 Rfb8 23. Rd5 bxc3 24. bxc3 Ra6 25. Rhd1 Rc6 26. Bxa4 Rxc4 27. Qxc4 Qa3+ 28. Kd2 Rb2+ 29. Kd3 gxf5 30. exf5 e4+ 31. Kd4 Qe7 32. Qc6 Rb6 33. Qc5 Qf6+ 34. Kc4 Ra6 35. Kb4 Bg2 36. Rd8 Rb6+ 37. Ka3 Kh7 38. Bb3 Ne5 39. Qxc7 Rc6 40. R8d6 Nc4+ 41. Kb4 Rxd6 42. Qxc4 e3 43. Re1 Rb6+ 44. Ka3 Qd6+ 45. Kb2 Qd2+ 46. Ka3 Qd6+ 47. Kb2 Qd2+ 48. Ka3 Rb7 49. Re2 Ra7+ 50. Ba4 Qd6+ 51. Kb2 Bf1 52. f6 Qb8+ 53. Bb3 Bxe2 54. Qe4+ Kh8 55. Qxe3 1-0

[Event "11th dMP Batavia 2019"]
[Site "Amsterdam"]
[Date "2019.03.02"]
[Round "2"]
[White "Lahaye, Rick"]
[Black "Van der Wiel, John T.H."]
[Result "1-0"]
[ECO "D02"]
[WhiteElo "2414"]
[BlackElo "2391"]
[Annotator "NA"]
[PlyCount "61"]
[EventDate "2019.03.01"]
[EventType "tourn"]
[EventCountry "NED"]
[SourceTitle "playchess.com"]
[Source "ChessBase"]
[SourceQuality "1"]
[TimeControl "40/5400+30:1800+30"]

1. d4 Nf6 2. Nf3 e6 3. g3 d5 4. Bg2 c5 5. O-O Nc6 6. a3 cxd4 7. Nxd4 Nxd4 8. Qxd4 Qc7 9. Nc3 Bc5 10. Qd3 O-O 11. Bf4 Qe7 12. Rad1 h6 13. Be5 Nd7 14. Bd4 Bxd4 15. Qxd4 Nb6 16. e4 dxe4 17. Qxe4 Rb8 18. Nb5 Bd7 19. Nxa7 Qc5 20. Qb4 Qxb4 21. axb4 Rfd8 22. Rd6 Nc4 23. Rd4 Nxb2 24. b5 Ra8 25. Ra1 e5 26. Rb4 Be6 27. b6 Nc4 28. Bxb7 Rab8 29. Nc6 Rxb7 30. Nxd8 Rxb6 31. Rxb6 1-0

[Event "11th dMP Batavia 2019"]
[Site "Amsterdam"]
[Date "2019.03.02"]
[Round "2.3"]
[White "Williams, Simon K"]
[Black "Lopez, Jasel"]
[Result "1-0"]
[ECO "A03"]
[WhiteElo "2471"]
[BlackElo "2390"]
[Annotator "RC"]
[PlyCount "83"]
[EventDate "2019.03.01"]
[EventType "tourn"]
[EventCountry "NED"]
[SourceTitle "playchess.com"]
[Source "ChessBase"]
[SourceQuality "1"]
[TimeControl "300+3"]

1. f4 d5 2. e3 g6 3. Nf3 Bg7 4. g3 Nf6 5. Bg2 O-O 6. O-O c5 7. d3 Nc6 8. Ne5 Qc7 9. Nxc6 bxc6 10. e4 e5 11. f5 gxf5 12. exf5 c4 13. dxc4 e4 14. Kh1 Re8 15. Be3 Ba6 16. Na3 Rad8 17. c3 c5 18. g4 h6 19. g5 hxg5 20. Bxg5 d4 21. Qe1 Qb6 22. Qh4 e3 23. Rg1 Kf8 24. Nc2 Bb7 25. b4 Re4 26. Qh3 Ng4 27. Bh4 d3 28. bxc5 Qh6 29. Nd4 Rdxd4 30. cxd4 Bxd4 31. Rab1 Bc6 32. Rb8+ Kg7 33. Rc8 e2 34. f6+ Kh7 35. Rxc6 Nf2+ 36. Bxf2 Qxh3 37. Bxe4+ Kh6 38. Bxd4 d2 39. Rc8 Qxc8 40. Be3+ Kh5 41. Bf3+ Kh4 42. Bf2+ 1-0

[Event "11th dMP Batavia 2019"]
[Site "Amsterdam"]
[Date "2019.03.02"]
[Round "2.5"]
[White "Kuipers, Stefan"]
[Black "Leenhouts, Koen"]
[Result "1-0"]
[ECO "B48"]
[WhiteElo "2455"]
[BlackElo "2447"]
[Annotator "ChessBase"]
[PlyCount "65"]
[EventDate "2019.03.01"]
[EventType "tourn"]
[EventCountry "NED"]
[SourceTitle "playchess.com"]
[Source "ChessBase"]
[SourceQuality "1"]
[TimeControl "300+3"]

1. e4 c5 2. Nf3 e6 3. d4 cxd4 4. Nxd4 Nc6 5. Nc3 Qc7 6. Be3 a6 7. Qf3 Nf6 8. O-O-O Ne5 9. Qg3 b5 10. f4 Neg4 11. Bg1 Nh6 12. Bd3 b4 13. Nce2 Bb7 14. Qf3 d5 15. e5 Ne4 16. g4 g6 17. h4 Bg7 18. Ng3 Nc5 19. Kb1 Ng8 20. h5 g5 21. h6 Nxh6 22. Nh5 Bf8 23. Nf6+ Kd8 24. Nxh7 Nxd3 25. Qxd3 Nxg4 26. Nxf8 Rxf8 27. Qg3 gxf4 28. Qxg4 Qxe5 29. Bf2 Kc7 30. Rhe1 Qf6 31. Bh4 Qh8 32. Qxf4+ Kc8 33. Bg3 1-0

[Event "11th dMP Batavia 2019"]
[Site "Amsterdam"]
[Date "2019.03.03"]
[Round "3"]
[White "Warmerdam, Max"]
[Black "Lahaye, Rick"]
[Result "1/2-1/2"]
[ECO "D30"]
[WhiteElo "2448"]
[BlackElo "2414"]
[Annotator "NA RC"]
[PlyCount "63"]
[EventDate "2019.03.01"]
[EventType "tourn"]
[EventCountry "NED"]
[SourceTitle "playchess.com"]
[Source "ChessBase"]
[SourceQuality "1"]
[TimeControl "40/5400+30:1800+30"]

1. d4 d5 2. c4 c6 3. Nf3 e6 4. e3 Nd7 5. b3 Bd6 6. Bd3 Qe7 7. O-O Ngf6 8. Bb2 e5 9. dxe5 Nxe5 10. Nxe5 Bxe5 11. Bxe5 Qxe5 12. Nd2 Bg4 13. Qc2 Rd8 14. e4 dxc4 15. Nxc4 Qd4 16. Be2 Bxe2 17. Qxe2 O-O 18. Rfe1 b5 19. Rad1 Qxe4 20. Qxe4 Nxe4 21. Rxd8 Rxd8 22. Ne5 c5 23. Nc6 Rd2 24. Nxa7 b4 25. f3 Nf6 26. Re5 Rc2 27. Kf1 Kf8 28. Re2 Rc1+ 29. Re1 Rc2 30. Re2 Rc1+ 31. Re1 Rc2 32. Re2 1/2-1/2

[Event "11th dMP Batavia 2019"]
[Site "Amsterdam"]
[Date "2019.03.03"]
[Round "3"]
[White "Van der Wiel, John T.H."]
[Black "Williams, Simon K"]
[Result "0-1"]
[ECO "B06"]
[WhiteElo "2391"]
[BlackElo "2471"]
[Annotator "RC"]
[PlyCount "64"]
[EventDate "2019.03.01"]
[EventType "tourn"]
[EventCountry "NED"]
[SourceTitle "playchess.com"]
[Source "ChessBase"]
[SourceQuality "1"]
[TimeControl "40/5400+30:1800+30"]

1. e4 g6 2. d4 Bg7 3. Nc3 d6 4. Be3 a6 5. g4 b5 6. Bg2 Bb7 7. Nge2 Nf6 8. Ng3 b4 9. Nb1 h5 10. gxh5 Nxh5 11. a3 c5 12. axb4 cxd4 13. Nxh5 Rxh5 14. Bxd4 Bxd4 15. Qxd4 Nc6 16. Qd2 Qb6 17. Nc3 Nxb4 18. O-O Rc8 19. Na4 Qb5 20. Nc3 Qe5 21. f4 Qh8 22. Ra4 Rc4 23. b3 Rd4 24. Qf2 Rxh2 25. Re1 Nc6 26. Nd5 Qh4 27. Rxd4 Qxf2+ 28. Kxf2 Nxd4 29. Kg3 Rh5 30. Ne3 Rc5 31. b4 Rc3 32. Kf2 Nxc2 0-1

[Event "11th dMP Batavia 2019"]
[Site "Amsterdam"]
[Date "2019.03.05"]
[Round "5"]
[White "Pijpers, Arthur"]
[Black "Lahaye, Rick"]
[Result "1-0"]
[ECO "B94"]
[WhiteElo "2482"]
[BlackElo "2414"]
[Annotator "RC"]
[PlyCount "59"]
[EventDate "2019.03.01"]
[EventType "tourn"]
[EventCountry "NED"]
[SourceTitle "playchess.com"]
[Source "ChessBase"]
[SourceQuality "1"]
[TimeControl "40/5400+30:1800+30"]

1. e4 c5 2. Nf3 d6 3. d4 cxd4 4. Nxd4 Nf6 5. Nc3 a6 6. Bg5 Nbd7 7. Bc4 Qa5 8. Qd2 e6 9. O-O-O Be7 10. Kb1 h6 11. Be3 Ne5 12. Bb3 b5 13. f4 b4 14. Na4 Nxe4 15. Qe2 Bd7 16. fxe5 Bxa4 17. Nxe6 fxe6 18. Qh5+ Kd8 19. Bxa4 Qxa4 20. exd6 Bf6 21. Bb6+ Kc8 22. Rhe1 Qc6 23. Qg4 Nc3+ 24. bxc3 Qxb6 25. d7+ Kd8 26. Rxe6 Qb5 27. c4 Qb7 28. Rxf6 b3 29. axb3 gxf6 30. Qg7 1-0

[Event "11th dMP Batavia 2019"]
[Site "Amsterdam"]
[Date "2019.03.05"]
[Round "5"]
[White "Leenhouts, Koen"]
[Black "Warmerdam, Max"]
[Result "1-0"]
[ECO "E82"]
[WhiteElo "2447"]
[BlackElo "2448"]
[Annotator "ChessBase"]
[PlyCount "83"]
[EventDate "2019.03.01"]
[EventType "tourn"]
[EventCountry "NED"]
[SourceTitle "playchess.com"]
[Source "ChessBase"]
[SourceQuality "1"]
[TimeControl "40/5400+30:1800+30"]

1. d4 Nf6 2. c4 g6 3. Nc3 Bg7 4. e4 d6 5. f3 O-O 6. Be3 c5 7. Nge2 b6 8. Qd2 Ba6 9. b3 e6 10. Rd1 Nc6 11. d5 exd5 12. cxd5 Ne5 13. Ng3 Bxf1 14. Kxf1 a6 15. Bh6 Bxh6 16. Qxh6 Kh8 17. Nce2 Ng8 18. Qd2 Qh4 19. f4 Nd7 20. Ng1 Qf6 21. Nf3 a5 22. Kf2 a4 23. Rhe1 axb3 24. axb3 Rfe8 25. Kg1 Qg7 26. h3 Ra5 27. Kh2 Rb5 28. e5 Rxb3 29. e6 Ndf6 30. Ng5 fxe6 31. dxe6 Ne7 32. Nf7+ Kg8 33. Nxd6 Rd8 34. Qf2 Ra8 35. Nf7 Nfd5 36. Re5 Qf6 37. Rdxd5 Nxd5 38. Rxd5 Qxe6 39. Nh6+ Kg7 40. Re5 Qd7 41. Qe2 Ra7 42. Ng4 1-0

[Event "11th dMP Batavia 2019"]
[Site "Amsterdam"]
[Date "2019.03.05"]
[Round "5"]
[White "Van der Wiel, John T.H."]
[Black "Meissner, Felix"]
[Result "0-1"]
[ECO "B51"]
[WhiteElo "2391"]
[BlackElo "2397"]
[Annotator "NA"]
[PlyCount "72"]
[EventDate "2019.03.01"]
[EventType "tourn"]
[EventCountry "NED"]
[SourceTitle "playchess.com"]
[Source "ChessBase"]
[SourceQuality "1"]
[TimeControl "40/5400+30:1800+30"]

1. e4 c5 2. Nf3 d6 3. Bb5+ Nd7 4. d4 cxd4 5. Qxd4 a6 6. Bxd7+ Bxd7 7. Bg5 {[%emt 0:01:58] B51: Sicilian: Moscow Variation (3 Bb5+) without 3...Bd7} (7. Nc3 e5 8. Qd3 Rc8 9. O-O Qc7 10. Rd1 Be6 11. a4 Nf6 12. Nd2 Be7 13. Nf1 Qc4 14. Ne3 Qxd3 15. Rxd3 Kd7 {½-½ (33) Xiong,J (2656)-Vachier Lagrave,M (2780) Douglas 2018}) 7... Rc8 8. Nc3 h6 9. Bh4 e5 10. Bxd8 $146 ({Predecessor:} 10. Qd3 g5 11. Bg3 Nf6 12. O-O-O Qa5 13. Rhe1 Be7 14. Kb1 O-O 15. h4 {½-½ (53) David,A (2571)-Duda,J (2666) Drancy 2016}) 10... exd4 11. Ba5 dxc3 12. Bxc3 Nf6 13. Bxf6 gxf6 14. Nd4 f5 15. exf5 Bg7 16. O-O-O Bxd4 17. Rhe1+ Kf8 ({Resist} 17... Be5 18. Rxd6 Ke7 19. Rb6 $19) 18. Rxd4 Bxf5 19. Re2 Rc6 20. a4 Rg8 21. Rf4 Bd7 22. f3 Rg6 23. b3 Re6 24. Rd2 Ke7 25. Rb4 b6 26. Kb2 a5 27. Rh4 Rc5 28. g4 Rf6 29. h3 h5 30. Re2+ Kf8 31. Rd2 Bc6 32. gxh5 Rh6 33. Rf4 Rcxh5 34. h4 Ke7 35. Rdd4 Re6 36. Rc4 $19 Rc5 0-1

[Event "11th dMP Batavia 2019"]
[Site "Amsterdam"]
[Date "2019.03.07"]
[Round "6"]
[White "Pijpers, Arthur"]
[Black "Leenhouts, Koen"]
[Result "1/2-1/2"]
[ECO "C96"]
[WhiteElo "2482"]
[BlackElo "2447"]
[Annotator "ChessBase"]
[PlyCount "81"]
[EventDate "2019.03.01"]
[EventType "tourn"]
[EventCountry "NED"]
[SourceTitle "playchess.com"]
[Source "ChessBase"]
[SourceQuality "1"]
[TimeControl "40/5400+30:1800+30"]

1. e4 e5 2. Nf3 Nc6 3. Bb5 a6 4. Ba4 Nf6 5. O-O Be7 6. Re1 b5 7. Bb3 d6 8. c3 O-O 9. h3 Na5 10. Bc2 c5 11. d4 Nd7 12. Nbd2 exd4 13. cxd4 Nc6 14. d5 Nce5 15. a4 Bb7 16. Nh2 c4 17. b3 Nc5 18. bxc4 bxc4 19. Rb1 Qc7 20. Ba3 Ncd3 21. Rf1 f5 22. Nhf3 fxe4 23. Nxe5 Nxe5 24. Nxe4 Bc8 25. Bb2 Ng6 26. Qd4 Rf7 27. Nd2 Nf4 28. Qxc4 Qd8 29. Rfe1 Bxh3 30. gxh3 Bh4 31. Nf3 Nxh3+ 32. Kg2 Rxf3 33. Qe4 Qg5+ 34. Kxf3 Rf8+ 35. Ke2 Rxf2+ 36. Kd3 Qd2+ 37. Kc4 Rf4 38. Bc3 Qxc2 39. Rb8+ Kf7 40. Rb7+ Kg8 41. Rb8+ 1/2-1/2

[Event "11th dMP Batavia 2019"]
[Site "Amsterdam"]
[Date "2019.03.07"]
[Round "6"]
[White "Lahaye, Rick"]
[Black "Kuipers, Stefan"]
[Result "1/2-1/2"]
[ECO "D11"]
[WhiteElo "2414"]
[BlackElo "2455"]
[Annotator "RC"]
[PlyCount "98"]
[EventDate "2019.03.01"]
[EventType "tourn"]
[EventCountry "NED"]
[SourceTitle "playchess.com"]
[Source "ChessBase"]
[SourceQuality "1"]
[TimeControl "40/5400+30:1800+30"]

1. d4 d5 2. c4 c6 3. Nf3 Nf6 4. Nbd2 Bf5 5. Nh4 Be4 6. f3 Bg6 7. e3 e6 8. g3 Be7 9. Qb3 Qc7 10. Bg2 Bh5 11. f4 Nbd7 12. Qc3 c5 13. dxc5 Qxc5 14. cxd5 Nxd5 15. Qxc5 Nxc5 16. Nf5 Nd3+ 17. Kf1 exf5 18. Bxd5 O-O-O 19. Bf3 Bxf3 20. Nxf3 Bc5 21. Ke2 Rd5 22. Rd1 Rhd8 23. Rd2 Kb8 24. a3 f6 25. Rc2 Bb6 26. b4 Nxc1+ 27. Raxc1 a5 28. Rc3 h6 29. R1c2 axb4 30. axb4 Rd1 31. Rd2 R8xd2+ 32. Nxd2 Rg1 33. Nc4 Bc7 34. Rc2 Rb1 35. Rb2 Rxb2+ 36. Nxb2 b5 37. Kf3 Kb7 38. e4 Kc6 39. g4 fxg4+ 40. Kxg4 g6 41. Nd3 Kd7 42. h3 Ke6 43. Nc5+ Kf7 44. Kf3 g5 45. f5 h5 46. Ne6 Be5 47. Nd8+ Ke7 48. Nc6+ Kd7 49. Nxe5+ fxe5 1/2-1/2

[Event "11th dMP Batavia 2019"]
[Site "Amsterdam"]
[Date "2019.03.08"]
[Round "7"]
[White "Van der Wiel, John T.H."]
[Black "Warmerdam, Max"]
[Result "1/2-1/2"]
[ECO "B67"]
[WhiteElo "2391"]
[BlackElo "2448"]
[Annotator "RC"]
[PlyCount "52"]
[EventDate "2019.03.01"]
[EventType "tourn"]
[EventCountry "NED"]
[SourceTitle "playchess.com"]
[Source "ChessBase"]
[SourceQuality "1"]
[TimeControl "40/5400+30:1800+30"]

1. e4 c5 2. Nf3 d6 3. d4 cxd4 4. Nxd4 Nf6 5. Nc3 Nc6 6. Bg5 e6 7. Qd2 a6 8. O-O-O Bd7 9. f3 b5 10. Nxc6 Bxc6 11. Ne2 Bb7 12. Kb1 h6 13. Be3 Qc7 14. Rg1 Nd7 15. Nd4 Ne5 16. b3 Be7 17. Bxb5+ axb5 18. Nxb5 Qc6 19. Nxd6+ Kf8 20. Qd4 Ng6 21. Qb6 Qxb6 22. Bxb6 Bc6 23. Bc7 Ra7 24. Bb8 Ra8 25. Bc7 Ra7 26. Bb8 Ra8 1/2-1/2

[Event "11th dMP Batavia 2019"]
[Site "Amsterdam"]
[Date "2019.03.09"]
[Round "8"]
[White "Arutinian, David"]
[Black "Kuipers, Stefan"]
[Result "1-0"]
[ECO "D46"]
[WhiteElo "2555"]
[BlackElo "2455"]
[Annotator "ChessBase"]
[PlyCount "65"]
[EventDate "2019.03.01"]
[EventType "tourn"]
[EventCountry "NED"]
[SourceTitle "playchess.com"]
[Source "ChessBase"]
[SourceQuality "1"]
[TimeControl "40/5400+30:1800+30"]

1. Nf3 d5 2. e3 Nf6 3. c4 c6 4. Nc3 e6 5. b3 Bd6 6. Bb2 O-O 7. d4 Nbd7 8. Bd3 Re8 9. Qc2 e5 10. cxd5 cxd5 11. dxe5 Nxe5 12. Nxe5 Bxe5 13. Ne2 d4 14. e4 Qa5+ 15. Qd2 Qxd2+ 16. Kxd2 Nxe4+ 17. Bxe4 d3 18. Bxe5 dxe2 19. f4 f6 20. Kxe2 Bg4+ 21. Ke3 Rad8 22. h3 Bc8 23. Rhd1 fxe5 24. fxe5 Rxd1 25. Rxd1 Kf7 26. Rc1 Ke6 27. Bxh7 Kxe5 28. Bg6 Re6 29. Be4 Re8 30. Rc5+ Kf6 31. Kf3 a6 32. Rc7 b5 33. h4 1-0